 Dungeon Crawl Stone Soup version 0.29-a0-1030-gf5f8719cae (webtiles) character file.

Game seed: 1832123384025283662

221 27heaven the Cudgeller (level 6, -3/51 HPs)
             Began as a Meteoran Fighter on Aug 14, 2022.
             Was a High Priest of Ignis.
             Killed by divine providence
             ... invoked by an orc priest
              (8 damage)
             ... on level 4 of the Dungeon.
             The game lasted 00:10:29 (1720 turns).

27heaven the Cudgeller (Meteoran Fighter)           Turns: 1720, Time: 00:10:29

Health: -3/51      AC:  8    Str: 24    XL:     6   Next: 43%
Magic:  7/7        EV: 10    Int:  9    God:    Ignis [*****.]
Gold:   864        SH:  0    Dex: 14    Spells: 5/5 levels left

rFire   + . .      SeeInvis .   a - +0 flail
rCold   . . .      Faith    .   (no shield)
rNeg    . . .      Spirit   .   f - +0 ring mail
rPois   .          Reflect  .   d - +1 helmet "Qeotanyi" {+Inv Str+4}
rElec   .          Harm     .   (no cloak)
rCorr   .          Rampage  .   (no gloves)
Will    .....                   (no boots)
Stlth   +.........              (no amulet)
HPRegen 0.17/turn               (no ring)
MPRegen 0.10/turn               (no ring)

@: glowing
A: sense surroundings 1, otherworldly, glowing, explore regen
a: Renounce Religion, Evoke Invisibility, Fiery Armour, Foxfire Swarm, Rising
Flame


You were on level 4 of the Dungeon.
You worshipped Ignis.
Ignis was extremely pleased with you.
You visited 1 branch of the dungeon, and saw 4 of its levels.

You collected 864 gold pieces.

Inventory:

Hand Weapons
 a - a +0 flail (weapon)
Armour
 d - the +1 helmet "Qeotanyi" (worn) {+Inv Str+4}
   (You acquired it on level 1 of the Dungeon)

   Str:       It affects your strength (+4).
   +Inv:      It lets you turn invisible.
 f - a +0 ring mail (worn)
 l - a +0 chain mail
Wands
 h - a wand of charming (7)
Scrolls
 b - 9 scrolls of fog
Potions
 c - a potion of invisibility
 e - a potion of resistance
 g - 2 potions of brilliance
 i - a potion of heal wounds
 k - a potion of haste
 m - a potion of curing


   Skills:
 - Level 3.5 Fighting
 + Level 5.6 Maces & Flails
 - Level 3.9 Armour
 - Level 3.9 Shields
 + Level 4.1 Evocations


You had 5 spell levels left.
You didn't know any spells.
Your spell library contained the following spells:

 Spells                   Type           Power      Damage    Failure   Level
 Foxfire                  Conj/Fire      0%         2x1d4     52%         1
 Conjure Flame            Conj/Fire      0%         6-21      88%         3
 Inner Flame              Hex/Fire       0%         N/A       88%         3
 Flame Wave               Conj/Fire      0%         2d4       99%         4


Dungeon Overview and Level Annotations

Branches:
Dungeon (4/15) Zot: 641
 Temple: D:4-7

Altars:
Zin
Ignis


Innate Abilities, Weirdness & Mutations

You passively map a small area around you.
You are easily found by Zot.
You glow in the dark.
You regain HP and MP as you explore.


Message History

Something hits you but does no damage.
An orc priest comes into view. It is wielding a +0 flail.
An orc comes into view. It is wielding a +0 flail.
You closely miss the hound.
The orc shouts!
The orc priest shouts!
The orc shouts!
You hear a shout!
The hound bites you but does no damage. The hound closely misses you.
Something hits you. The hound barely misses you.
Something completely misses you. The hobgoblin attacks as you move away!
The hobgoblin closely misses you.
The orc priest calls down the wrath of Beogh upon you.
Beogh smites you! The hound bites you.
You hear a shout!
The hound bites you but does no damage.
You hit the hound but do no damage. The hound bites you but does no damage.
You thump the hound!
The hound is severely wounded.
The hound barely misses you. The hound bites you.
You miss the hound.
The hound is severely wounded.
The hound bites you but does no damage. The hound bites you.
You thump the hound!
You kill the hound!
The orc priest calls down the wrath of Beogh upon you.
Beogh smites you!
Your Evocations skill increases to level 4!
You sock the hobgoblin!
You kill the hobgoblin!
You barely miss the orc priest.
The orc priest hits you with a +0 flail.
* * * LOW HITPOINT WARNING * * *
The orc priest calls down the wrath of Beogh upon you.
Beogh smites you!
* * * LOW HITPOINT WARNING * * *
Unknown command.
The orc priest attacks as you move away!
The orc priest hits you but does no damage.
The orc priest invokes the aid of Beogh against you.
Beogh smites you!
You die...

#....#.# #.....o#
#......# #.....)#
#....).# ######
#......# #....#
######O# #..>.####
#..o{.####....#...
#@###>...'....'...
##.##..####....#...
#....§......####...
#.≈.≈≈≈≈≈.≈.# #...
#.§.......≈.# #)..
#.≈.≈...≈.§.## #.##
#.≈.≈._.≈.≈..# #.#
#.≈.≈...≈§≈..###.#
#.≈§§.....≈......#


You could see an ogre and an orc priest.

Vanquished Creatures
  A hound (D:4)
  Jessica (D:2)
  2 orc wizards (D:3)
  3 gnolls (D:2)
  4 adders
  A worm (D:2)
  2 dart slugs
  6 orcs
  7 ball pythons
  7 bats
  4 endoplasms
  2 giant cockroaches
  4 goblins
  4 hobgoblins
  A quokka (D:3)
  3 frilled lizards
  2 kobolds (D:3)
  5 rats
59 creatures vanquished.

Vanquished Creatures (others)
  5 plants (D:2)
5 creatures vanquished.

Grand Total: 64 creatures vanquished

Notes
Turn   | Place    | Note
-------+----------+-------------------------------------------
     0 | D:1      | 27heaven the Meteoran Fighter began the quest for the Orb.
     0 | D:1      | Reached XP level 1. HP: 19/19 MP: 2/2
   172 | D:1      | Reached XP level 2. HP: 10/26 MP: 3/3
   183 | D:1      | Reached skill level 3 in Maces & Flails
   404 | D:1      | Identified a scroll of acquirement
   404 | D:1      | Acquired the +1 helmet "Qeotanyi" {+Inv Str+4}
   493 | D:1      | Glimpsed the power of Zot.
   513 | D:2      | Reached XP level 3. HP: 9/31 MP: 4/4
   514 | D:2      | Reached skill level 1 in Evocations
   702 | D:2      | Reached XP level 4. HP: 18/38 MP: 5/5
   739 | D:2      | HP: 1/38 [gnoll/+0 spear (4)]
   849 | D:2      | Reached skill level 4 in Maces & Flails
   984 | D:2      | Noticed Jessica
   986 | D:2      | Killed Jessica
   987 | D:2      | Reached XP level 5. HP: 45/45 MP: 6/6
  1139 | D:3      | Found a faded altar of an unknown god.
  1146 | D:3      | Prayed at the altar of an unknown god.
  1146 | D:3      | Became a worshipper of Ignis, the Dying Flame
  1484 | D:3      | Reached skill level 5 in Maces & Flails
  1520 | D:3      | Reached XP level 6. HP: 28/51 MP: 7/7
  1527 | D:3      | Found a faded altar of an unknown god.
  1527 | D:3      | Found a faded altar of an unknown god.
  1622 | D:4      | Found a glowing silver altar of Zin.
  1670 | D:4      | Acquired 657 gold pieces
  1706 | D:4      | Noticed an ogre
  1720 | D:4      | Killed from afar by an orc priest

Illustrated notes

Levels and vault maps discovered:
D:1:      shiori_shiawase, layout_basic, minmay_misc_feat_nine_boxes,
          grunt_decor_fettered, grunt_decor_junction
D:2:      layout_basic, grunt_ministairs_5, serial_bayou_lagoon_b, uniq_jessica
D:3:      layout_loops_ring, chequers_temple_overflow_minitemple,
          hellmonk_ecumenical_altar_run_dry
D:4:      layout_basic, mainiacjoe_overflow_cross_hatched, temple_hall,
          serial_shops, shop_fountains

Skill      XL: |  1  2  3  4  5  6 |
---------------+-------------------+-----
Maces & Flails | 3 4 5 |  5.6
Evocations     | 1 2 3 4 |  4.1
Fighting       | |  3.5
Armour         | |  3.9
Shields        | |  3.9

Action                   |  1- 3 |  4- 6 || total
-------------------------+-------+-------++-------
Melee: Flail             |    59 |   141 ||   200
       Punch             |       |     1 ||     1
  Use: Scroll            |     3 |     1 ||     4
Armor: Ring mail         |    16 |    92 ||   108
Dodge: Dodged            |    30 |    81 ||   111

Table legend: (Time is in decaauts)
 A = Elapsed time spent in this place.
 B = Non-inter-level travel time spent in this place.
 C = Inter-level travel time spent in this place.
 D = Time resting spent in this place.
 E = Time spent auto-exploring this place.
 F = Levels seen in this place.
 G = Mean time per level.
                   A        B        C        D        E       F      G
               +--------+--------+--------+--------+--------+-----+--------+
         Total |   1757 |   1737 |     20 |      0 |     76 |   4 |  439.2 |
       Dungeon |   1757 |   1737 |     20 |      0 |     76 |   4 |  439.2 |
               +--------+--------+--------+--------+--------+-----+--------+

Top non-repeatable levels by time:
     D:3: 633 daAuts
     D:1: 562 daAuts
     D:2: 472 daAuts
     D:4: 89 daAuts
